 Dungeon Crawl Stone Soup version 0.23-a0-78-gc252fe1 (webtiles) character file.

5730 tilp the Frost Mage (level 10, -4/75 (76) HPs)
             Began as a Merfolk Ice Elementalist on Aug 10, 2018.
             Was a Believer of Makhleb.
             Slain by a troll (9 damage)
             ... on level 10 of the Dungeon.
             The game lasted 00:30:55 (12932 turns).

tilp the Frost Mage (Merfolk Ice Elementalist)     Turns: 12932, Time: 00:30:56

HP:   -4/75 (76)    AC: 13    Str:  8    XL:     10   Next: 77%
MP:   6/19          EV: 18    Int: 18    God:    Makhleb [**....]
Gold: 40            SH:  0    Dex: 15    Spells: 15/21 levels left

rFire    . . .     SeeInvis +   M - +1 war axe (elec)
rCold    . . .     Gourm    .   (no shield)
rNeg     . . .     Faith    .   a - +0 robe
rPois    +         Spirit   .   B - +0 helmet
rElec    .         Reflect  .   l - +1 cloak
rCorr    .         Harm     .   (no gloves)
MR       .....                  i - +0 pair of boots
Stlth    ++........             K - amulet of regeneration
HPRegen  0.62/turn              o - ring of see invisible
MPRegen  0.16/turn              P - ring of poison resistance

@: icy armour
A: change form in water, swift swim, stealthy swim
a: Minor Destruction, Renounce Religion


You were on level 10 of the Dungeon.
You worshipped Makhleb.
Makhleb was pleased with you.
You were not hungry.

You visited 1 branch of the dungeon, and saw 10 of its levels.
You also visited: Sewer.

You collected 387 gold pieces.
You spent 347 gold pieces at shops.

Inventory:

Hand Weapons
 f - a +0 spear
 g - a +4 mace
 z - a +0 trident
 D - a +0 halberd
 E - a +0 halberd
 M - a +1 war axe of electrocution (weapon)
 S - a +0 glaive
 U - a +0 trident of piercing
 V - a +2 spear of venom
Missiles
 j - 14 tomahawks (quivered)
 I - a throwing net
 L - 4 tomahawks of returning
Armour
 a - a +0 robe (worn)
 i - a +0 pair of boots (worn)
 l - a +1 cloak (worn)
 B - a +0 helmet (worn)
 N - a cursed -1 leather armour
Jewellery
 o - a ring of see invisible (left hand)
 K - an amulet of regeneration (around neck)
 P - a ring of poison resistance (right hand)
Wands
 s - a wand of flame (28)
 G - a wand of disintegration (10)
 J - a wand of random effects (13)
Scrolls
 m - 3 scrolls of amnesia
 n - 2 scrolls of fog
 t - a scroll of blinking {unknown}
 u - a scroll of immolation
 x - 3 scrolls of fear
 y - a scroll of teleportation
 C - 5 scrolls of remove curse
 F - 4 scrolls of enchant weapon {unknown}
 R - 2 scrolls of random uselessness {unknown}
 T - 2 scrolls of magic mapping
Potions
 b - 2 potions of heal wounds
 d - 4 potions of brilliance
 e - 2 potions of lignification
 h - 3 potions of berserk rage
 k - a potion of invisibility
 p - 2 potions of mutation
 q - 9 potions of curing
 r - 4 potions of agility
 v - 5 potions of haste
 w - 3 potions of flight
 A - 3 potions of might
 H - a potion of resistance
 Q - a potion of degeneration {unknown}
Miscellaneous
 O - a sack of spiders
Comestibles
 c - 14 rations
 X - a chunk of flesh


   Skills:
 - Level 6.0 Fighting
 + Level 6.4 Polearms
 - Level 9.0 Dodging
 - Level 2.1 Stealth
 - Level 6.1 Spellcasting
 - Level 2.0 Conjurations
 - Level 4.0 Charms
 - Level 10.0 Ice Magic
 - Level 4.0 Evocations


You had 15 spell levels left.
You knew the following spells:

 Your Spells              Type           Power        Failure   Level  Hunger
a - Freeze                Ice            ####         1%          1    None
b - Throw Frost           Conj/Ice       ####..       1%          2    None
c - Ozocubu's Armour      Chrm/Ice       ####....     1%          3    ##.....

Your spell library contained the following spells:

 Spells                   Type           Power        Failure   Level  Hunger
 Summon Ice Beast         Ice/Summ       ###.....     16%         4    ####...
 Throw Icicle             Conj/Ice       ####....     10%         4    ####...


Dungeon Overview and Level Annotations

Branches:
Dungeon (10/15)            Temple (0/1) D:7            Lair (0/6) D:9
    Orc (0/2) D:10

Altars:
Dithmenos
Makhleb
Okawaru
Sif Muna
Trog
Xom
Zin

Shops:
D:6 !   D:9 ?

Annotations:
D:4 Sigmund
D:8 3 runed doors
D:9 1 runed door, MTVSty1e's ghost, novice MiFi


Message History

The troll claws you but does no damage.
Casting: Freeze (safe; 1% risk of failure)
Confirm with . or Enter, or press ? or * to list all spells.
Aiming: Freeze (safe; 1% risk of failure)
Press: ? - help, Shift-Dir - straight line, f/p - troll
Aim: a troll (severely wounded)
You freeze the troll.
The troll is almost dead.
The troll bites you!
* * * LOW HITPOINT WARNING * * *
The troll closely misses you. The troll completely misses you.
Casting: Freeze (safe; 1% risk of failure)
Confirm with . or Enter, or press ? or * to list all spells.
Aiming: Freeze (safe; 1% risk of failure)
Press: ? - help, Shift-Dir - straight line, f/p - troll
Aim: a troll (almost dead)
You freeze the troll.
The troll is almost dead.
The troll bites you!
You die...

###################
......T@..........#
..#..#............#
..................#
' #############...#
#........#...#
#........#.#.#
#####.####...#
############
#.####...#
###...........
#....#...#


You could see a troll.

Vanquished Creatures
  A manticore (D:10)
  2 hippogriffs (D:8)
  A yak (D:10)
  A water moccasin (D:6)
  2 ice beasts
  8 orc warriors
  2 black bears (D:8)
  2 phantoms
  3 sky beasts
  2 ogres
  A necrophage (D:10)
  5 centaurs
  Blork the orc (D:6)
  2 big kobolds (D:10)
  5 bullfrogs
  2 gnoll sergeants (D:10)
  3 wights (D:7)
  2 scorpions
  3 howler monkeys
  2 crimson imps
  2 centaur zombies (D:7)
  A bullfrog skeleton (D:5)
  6 hounds
  7 orc priests
  5 jellies
  8 orc wizards
  4 worker ants
  2 hound skeletons
  A worker ant zombie (D:10)
  11 gnolls
  14 adders
  4 river rats
  2 shadow imps (D:5)
  An ooze (D:6)
  2 adder skeletons
  An adder zombie (D:5)
  6 worms
  5 leopard geckos
  36 orcs
  2 ball pythons
  7 goblins
  11 hobgoblins
  2 iguanas
  10 jackals
  4 quokkas
  7 bats
  15 frilled lizards
  7 kobolds
  A leopard gecko skeleton (D:4)
  A quokka skeleton (D:9)
  21 rats
256 creatures vanquished.

Vanquished Creatures (others)
  2 withered plants (D:9)
2 creatures vanquished.

Grand Total: 258 creatures vanquished

Notes
Turn   | Place    | Note
-------+----------+-------------------------------------------
     0 | D:1      | tilp the Merfolk Ice Elementalist began the quest for the Orb.
     0 | D:1      | Reached XP level 1. HP: 13/13 MP: 3/3
    30 | D:1      | Found an iron altar of Okawaru.
   362 | D:1      | Reached XP level 2. HP: 12/19 MP: 5/5
   410 | D:1      | Reached skill level 4 in Ice Magic
  1028 | D:1      | Learned a level 2 spell: Throw Frost
  1037 | D:1      | Reached XP level 3. HP: 20/24 MP: 6/6
  1042 | D:1      | Learned a level 3 spell: Ozocubu's Armour
  1249 | D:2      | Found a shimmering altar of Xom.
  1282 | D:2      | Reached skill level 5 in Ice Magic
  1305 | D:2      | HP: 1/24 [acid (10)]
  1306 | D:2      | Reached XP level 4. HP: 2/30 MP: 3/7
  1850 | D:2      | Reached skill level 6 in Ice Magic
  1891 | D:2      | Reached XP level 5. HP: 27/36 MP: 5/8
  2092 | D:3      | Reached skill level 1 in Fighting
  2114 | D:3      | Found a faded altar of an unknown god.
  2806 | D:4      | Reached XP level 6. HP: 30/46 MP: 5/9
  2819 | D:4      | Noticed Sigmund
  3565 | D:4      | Reached skill level 5 in Dodging
  3709 | D:5      | Entered Level 5 of the Dungeon
  3725 | D:5      | Reached XP level 7. HP: 20/54 MP: 4/10
  3997 | D:5      | Reached skill level 1 in Conjurations
  4227 | D:5      | Reached skill level 1 in Charms
  4227 | D:5      | Reached skill level 1 in Evocations
  4734 | D:5      | Reached XP level 8. HP: 60/60 MP: 3/12
  5139 | D:6      | Noticed Blork the orc
  5381 | D:6      | Found a glowing drain.
  5389 | Sewer    | Entered a sewer
  6095 | D:6      | Found Fowuequs's Distillery.
  6115 | D:6      | Bought a potion of agility for 44 gold pieces
  6115 | D:6      | Bought a potion of resistance for 110 gold pieces
  6115 | D:6      | Bought a potion of lignification for 33 gold pieces
  6115 | D:6      | Bought a potion of curing for 33 gold pieces
  6194 | D:6      | Killed Blork the orc
  6194 | D:6      | Reached skill level 5 in Spellcasting
  6421 | D:7      | Reached XP level 9. HP: 52/65 MP: 7/17
  6594 | D:7      | Found a bloodstained altar of Trog.
  6712 | D:7      | Found a deep blue altar of Sif Muna.
  6718 | D:7      | Found a burning altar of Makhleb.
  6733 | D:7      | Became a worshipper of Makhleb the Destroyer
  6742 | D:7      | Found a shadowy altar of Dithmenos.
  7492 | D:7      | Found a staircase to the Ecumenical Temple.
  7552 | D:8      | Found a runed gate.
  7552 | D:8      | Found a runed gate.
  7564 | D:8      | Found a runed gate.
  7565 | D:8      | Noticed a green ugly thing
  7565 | D:8      | Noticed a red ugly thing
  7568 | D:8      | Noticed a green ugly thing
  7568 | D:8      | Noticed a green ugly thing
  8095 | D:8      | Reached skill level 5 in Fighting
  8404 | D:8      | Reached * piety under Makhleb
  9415 | D:8      | Reached skill level 7 in Ice Magic
  9420 | D:8      | Reached XP level 10. HP: 76/76 MP: 4/19
  9699 | D:8      | Noticed a glowing orange brain
  9700 | D:8      | Noticed a green ugly thing
  9700 | D:8      | Noticed a cyan ugly thing
  9964 | D:9      | Found a runed door.
  9964 | D:9      | Noticed MTVSty1e's ghost (novice MiFi)
 10042 | D:9      | Found a staircase to the Lair.
 10372 | D:9      | Noticed a two-headed ogre
 10395 | D:9      | Reached skill level 8 in Ice Magic
 10539 | D:9      | Found Exadd's Magic Scroll Boutique.
 10553 | D:9      | Bought a scroll of identify for 34 gold pieces
 10553 | D:9      | Bought a scroll of magic mapping for 59 gold pieces
 10553 | D:9      | Bought a scroll of identify for 34 gold pieces
 10788 | D:10     | Entered Level 10 of the Dungeon
 10890 | D:10     | Reached ** piety under Makhleb
 10985 | D:10     | Noticed a manticore
 11004 | D:10     | Killed a manticore
 11004 | D:10     | Reached skill level 9 in Ice Magic
 11337 | D:10     | Found a staircase to the Orcish Mines.
 11731 | D:10     | Reached skill level 1 in Polearms
 11828 | D:10     | Found a glowing silver altar of Zin.
 12086 | D:10     | Noticed a two-headed ogre
 12251 | D:10     | Reached skill level 10 in Ice Magic
 12586 | D:10     | Reached skill level 5 in Polearms
 12932 | D:10     | Slain by a troll

Vault maps used:
D:1:      nzn_arrival_depleted_hourglass, okawaru_ov_weapons_minmay
D:2:      dk_xom_monty_hall
D:3:      chequers_ecumenical_altar_simple_redux, first_ration
D:4:      uniq_sigmund
D:6:      serial_shops, nicolae_shop_statue_plus, portal_sewer_entry_a,
          uniq_blork_the_orc
D:7:      grunt_temple_overflow_cloverleaf, temple_hall
D:8:      ploomutoo_gammafunk_ghost_potion_laboratory
D:9:      lair_entry_dummy, serial_shops, shop_scrolls, gammafunk_ghost_grave
D:10:     kennysheep_orc_monster_closet_entryway, basic_altar,
          hangedman_fish_farm
Sewer:    sewer_co_cracked_pipes

Skill      XL: |  1  2  3  4  5  6  7  8  9 10 |
---------------+-------------------------------+-----
Ice Magic      | 4 5 6 7 10 | 10.0
Dodging        | 4 5 6 9 |  9.0
Fighting       | 2 4 6 |  6.0
Conjurations   | 1 2 |  2.0
Charms         | 2 4 |  4.0
Evocations     | 2 4 |  4.0
Spellcasting   | 5 6 |  6.1
Polearms       | 6 |  6.4
Stealth        | |  2.1

Action                   |  1- 3 |  4- 6 |  7- 9 | 10-12 || total
-------------------------+-------+-------+-------+-------++-------
Melee: Mace              |    75 |   130 |   366 |    58 ||   629
       War axe           |       |       |       |   131 ||   131
Throw: Tomahawk          |       |       |     5 |       ||     5
 Cast: Freeze            |     9 |    29 |   112 |    60 ||   210
       Ozocubu's Armour  |       |     2 |    21 |    17 ||    40
       Throw Frost       |       |     1 |    28 |    17 ||    46
  Use: Scroll            |     3 |     5 |     5 |     5 ||    18
       Potion            |       |       |     1 |     1 ||     2
 Stab: Sleeping          |     2 |     4 |     7 |     1 ||    14
       Distracted        |     1 |       |       |       ||     1
  Eat: Chunk             |     1 |     9 |    21 |    12 ||    43
Armor: Robe              |    29 |    31 |   148 |    66 ||   274
Dodge: Dodged            |    79 |   112 |   510 |   241 ||   942

Table legend:
 A = Non-vault XP
 B = Vault XP
 C = Vault XP percentage of total XP
 D = Non-vault monster count
 E = Vault monster count
 F = Vault count percentage of total count
 G = Total turns spent on level
                 A         B        C        D         E       F
            +---------+---------+-------+---------+---------+-------
      Total |    6558 |    1629 |  19.9 |     207 |      49 |  19.1
            +---------+---------+-------+---------+---------+-------
        D:1 |      34 |       0 |   0.0 |      21 |       0 |   0.0
        D:2 |      59 |      85 |  59.0 |      20 |       3 |  13.0
        D:3 |     151 |       0 |   0.0 |      25 |       0 |   0.0
        D:4 |     236 |       0 |   0.0 |      19 |       0 |   0.0
        D:5 |    1012 |      13 |   1.3 |      26 |       1 |   3.7
        D:6 |     526 |     128 |  19.6 |      13 |       8 |  38.1
        D:7 |     628 |       0 |   0.0 |      16 |       0 |   0.0
        D:8 |    1725 |       0 |   0.0 |      32 |       0 |   0.0
        D:9 |     412 |       0 |   0.0 |      12 |       0 |   0.0
       D:10 |    1775 |    1335 |  42.9 |      23 |      17 |  42.5
      Sewer |       0 |      68 | 100.0 |       0 |      20 | 100.0
            +---------+---------+-------+---------+---------+-------
